AoeStats
← chicken

African Clearing

510460031Analyzed
4v4 RM · 1d ago on Oct 1, 2026· 57m 9s· 8 players
Game mode
Random Map
Map size
Large (8 player)
Population
200
Speed
Normal
Resources
Standard
Victory
Conquest
Starting age
Dark Age
Ending age
Imperial Age
RankedLock teamsTeams togetherTeam positionsShared explorationLock speedFull tech treeHidden civsTurbo modeCheats
Victory
Defeat
🇺🇸 Khmer · United States
1223
+13
🇺🇸 Huns · United States
1165
+15
🇺🇸 Berbers · United States
1162
+15
🇺🇸 Vietnamese · United States
1150
+16
🇨🇱 Britons · Chile
1259
-19
🇨🇱 Ethiopians · Chile
1125
-14
🇨🇱 Mongols · Chile
1123
-14
🇨🇱 Franks · Chile
1068
-12
[TVDT] Emiliator
13:39 Feudal Age
17:59 Castle Age
16:06 Loom
16:13 Gold Mining
17:42 Wheelbarrow
17:26 Fletching
17:48 Double-Bit Axe
18:55 Crossbowman
20:10 Padded Archer Armor
28:09 Hand Cart
28:46 Bodkin Arrow
29:07 Leather Archer Armor
31:42 Ballistics
32:04 Gold Shaft Mining
31:19 Horse Collar
31:53 Bow Saw
34:15 Heavy Plow
39:25 Imperial Age
37:16 Town Watch
38:11 Elite Skirmisher
39:16 Town Patrol
39:32 Arbalester
41:15 Chemistry
41:27 Bracer
41:58 Ring Archer Armor
43:04 Two-Man Saw
51:05 Masonry
56:46 Yeomen
Zhev
9:07 Loom
13:51 Feudal Age
19:29 Castle Age
19:14 Fletching
19:37 Crossbowman
24:55 Ballistics
34:50 Elite Skirmisher
37:24 Double-Bit Axe
jorgex0000
12:31 Loom
14:39 Feudal Age
25:00 Castle Age
24:52 Double-Bit Axe
25:36 Scale Barding Armor
25:42 Forging
41:45 Husbandry
44:00 Wheelbarrow
45:14 Chain Barding Armor
45:06 Forging
45:35 Hand Cart
49:15 Imperial Age
50:40 Imperial Age
51:24 Pikeman
52:05 Squires
FermiGame
4:48 Loom
15:48 Feudal Age
22:12 Castle Age
20:02 Double-Bit Axe
21:34 Wheelbarrow
23:48 Bow Saw
38:09 Town Watch
38:15 Horse Collar
40:09 Wheelbarrow
40:21 Heavy Plow
42:08 Hand Cart
42:41 Thumb Ring
43:00 Gold Mining
43:01 Stone Mining
50:24 Imperial Age
51:11 Squires
50:44 Capped Ram
52:07 Bloodlines
51:58 Husbandry
52:33 Pikeman
Cumstain
3:34 Loom
14:59 Feudal Age
17:16 Double-Bit Axe
20:23 Castle Age
20:37 Fletching
21:29 Town Watch
22:36 Bow Saw
22:48 Bodkin Arrow
22:55 Padded Archer Armor
23:31 Horse Collar
28:20 Wheelbarrow
29:05 Leather Archer Armor
30:02 Stone Mining
32:07 Gold Mining
34:19 Forging
34:14 Scale Barding Armor
36:10 Hand Cart
38:53 Imperial Age
36:47 Bloodlines
36:37 Husbandry
37:29 Husbandry
38:25 Iron Casting
38:10 Chain Barding Armor
38:01 Heavy Plow
39:32 Chain Barding Armor
39:25 Cavalier
41:09 Blast Furnace
41:08 Conscription
41:28 Paladin
43:14 Gold Shaft Mining
44:34 Plate Barding Armor
52:19 Atheism
52:38 Caravan
52:52 Marauders
55:29 Bracer
55:29 Scale Mail Armor
chicken
3:51 Loom
11:24 Feudal Age
12:09 Double-Bit Axe
16:31 Bloodlines
18:42 Forging
20:00 Horse Collar
24:29 Castle Age
26:32 Scale Barding Armor
34:22 Iron Casting
35:50 Wheelbarrow
38:33 Gold Mining
40:33 Hand Cart
42:33 Ballistics
44:45 Heavy Plow
45:01 Bow Saw
55:27 Imperial Age
54:48 Light Cavalry
55:31 Husbandry
57:24 Chain Barding Armor
57:40 Iron Casting
56:27 Hussar
Codeblue
4:33 Loom
14:38 Feudal Age
16:01 Double-Bit Axe
16:42 Horse Collar
19:30 Castle Age
17:54 Stone Mining
27:59 Thumb Ring
33:16 Fletching
33:59 Ballistics
35:01 Wheelbarrow
37:51 Bodkin Arrow
38:42 Bow Saw
38:45 Padded Archer Armor
41:58 Leather Archer Armor
47:26 Imperial Age
46:52 Gold Mining
48:30 Heavy Plow
49:04 Conscription
50:42 Chemistry
51:28 Crop Rotation
51:15 Hand Cart
51:37 Bracer
52:08 Ring Archer Armor
53:14 Stone Shaft Mining
53:14 Gold Shaft Mining
52:43 Elite Genitour
55:25 Kasbah
WiilllChRisISTOXXIC
12:25 Loom
14:43 Feudal Age
16:00 Double-Bit Axe
16:01 Horse Collar
19:05 Castle Age
18:23 Fletching
21:27 Bodkin Arrow
30:03 Bow Saw
30:12 Padded Archer Armor
33:31 Wheelbarrow
34:40 Hand Cart
36:48 Leather Archer Armor
37:49 Coinage
38:22 Ballistics
42:31 Imperial Age
43:43 Elite Rattan Archer
46:14 Bracer
48:48 Chemistry
47:45 Murder Holes
50:41 Paper Money
50:30 Stone Mining
50:31 Gold Mining
56:07 Ring Archer Armor
Connection lost

Rejoining the realm…

Still unreachable

The connection could not be restored.

Session expired

The server has moved on; the page needs a fresh start.